 Dungeon Crawl Stone Soup version 0.25.1-2-g60ff931df9 (webtiles) character file.

Game seed: 15248317842275831521

425 Konebred the Insei (level 6, -1/47 HPs)
             Began as a Draconian Transmuter on Sept 26, 2020.
             Was a Follower of Wu Jian.
             Slain by an orc priest
             ... wielding a +0 trident
              (3 damage)
             ... on level 4 of the Dungeon.
             The game lasted 00:13:15 (3980 turns).

Konebred the Insei (Draconian Transmuter)           Turns: 3980, Time: 00:13:16

Health: -1/47      AC:  2    Str: 12    XL:     6   Next: 64%
Magic:  8/10       EV: 19    Int: 13    God:    Wu Jian [*.....]
Gold:   187        SH:  5    Dex: 19    Spells: 5/11 levels left

rFire    . . .     SeeInvis .     - Unarmed
rCold    . . .     Gourm    .   (shield currently unavailable)
rNeg     . . .     Faith    .   (armour unavailable)
rPois    x         Spirit   .   (helmet currently unavailable)
rElec    .         Reflect  +   (cloak currently unavailable)
rCorr    .         Harm     .   (gloves currently unavailable)
MR       .....                  (boots currently unavailable)
Stlth    ++........             n - amulet of reflection
HPRegen  0.15/turn              (no ring)
MPRegen  0.12/turn              (no ring)

@: spider-form
A: tiny, unfitting armour, AC +6
a: End Transformation, Renounce Religion


You were on level 4 of the Dungeon.
You worshipped Wu Jian.
Wu Jian was aware of your devotion.
You were not hungry.
You were a venomous arachnid creature.
You visited 1 branch of the dungeon, and saw 4 of its levels.

You collected 187 gold pieces.

Inventory:

Missiles
 a - 37 arrows
 o - 34 poisoned darts (quivered)
Armour
 j - a +0 pair of gloves (melded)
 t - a cursed +0 cloak (melded)
Jewellery
 n - an amulet of reflection (around neck)
Scrolls
 b - 3 scrolls of teleportation {unknown}
 f - 3 scrolls of identify {unknown}
 h - a scroll of immolation {unknown}
 l - a scroll of enchant weapon {unknown}
 u - a scroll of noise {unknown}
Potions
 d - 2 potions of might {unknown}
 e - 4 potions of mutation {unknown}
 g - a potion of resistance {unknown}
 i - 2 potions of heal wounds {unknown}
 k - a potion of cancellation {unknown}
 p - a potion of degeneration {unknown}
 q - a potion of haste {unknown}
 r - 2 potions of curing {unknown}
 s - a potion of ambrosia {unknown}
Comestibles
 c - 7 rations
 m - a chunk of flesh


   Skills:
 - Level 1.1 Fighting
 - Level 1.7 Dodging
 + Level 4.9 Unarmed Combat
 - Level 3.1 Spellcasting
 + Level 4.3 Transmutations
 - Level 2.6 Poison Magic


You had 5 spell levels left.
You knew the following spells:

 Your Spells              Type           Power        Failure   Level  Hunger
a - Beastly Appendage     Tmut           ##....       12%         1    #......
b - Sticks to Snakes      Tmut           ##......     17%         2    ##.....
c - Spider Form           Tmut/Pois      ##........   34%         3    ###....

Your spell library contained the following spells:

 Spells                   Type           Power        Failure   Level  Hunger
 Ice Form                 Ice/Tmut       #.......     85%         4    #####..
 Blade Hands              Tmut           ##........   87%         5    ######.


Dungeon Overview and Level Annotations

Branches:
Dungeon (4/15)
 Temple: D:4-7

Altars:
Wu Jian


Innate Abilities, Weirdness & Mutations

((Your plain brown scales are hard. (AC +6)))
You cannot fit into any form of body armour.
((You are cold-blooded and may be slowed by cold attacks.))


Message History

The orc priest is almost dead.
You kill the orc priest!
The Council accepts your kill. The orc completely misses you.
Unknown command.
Okay, then.
You spin and attack the orc.
You bite the orc!
You kill the orc!
The Council accepts your kill. You block the orc priest's attack.
Things that are here:
a +0 dagger; a +0 ring mail You barely miss the orc priest.
The orc priest hits you with a +0 trident!
* * * LOW HITPOINT WARNING * * *
Unknown command.
You hit the orc priest.
The orc priest is poisoned.
The orc priest is moderately wounded.
The orc priest hits you with a +0 trident.
You die...

.....##.....##.........# ..
...#.##.#...........#.## ..#
..##....##.#........#..#..#
..#......####....#..#.....#
.#####.### ##.#.##†#.....#
)#......###########)......#
<...........######..........
..##.#.............%......##
.....####.......s)........#
......## ..>....o...........
....##.##...............>...
....................##.###..
.....................#..# ##
....[...............## ..
.....................
.#.......#..........##
......####


You could see an orc priest (very poisoned).

Vanquished Creatures
  A howler monkey (D:4)
  2 orc priests (D:4)
  2 orc wizards (D:3)
  An iguana (D:4)
  3 worker ants (D:4)
  Robin (D:3)
  5 adders
  A gnoll (D:2)
  A worm (D:3)
  A dart slug (D:3)
  10 orcs
  10 bats
  3 giant cockroaches
  11 hobgoblins
  4 jackals (D:2)
  A quokka (D:2)
  A frilled lizard (D:1)
  12 goblins
  A jackal skeleton (D:3)
  5 kobolds
  12 rats
88 creatures vanquished.

Vanquished Creatures (collateral kills)
  Terence (D:2)
  An adder (D:2)
2 creatures vanquished.

Grand Total: 90 creatures vanquished

Notes
Turn   | Place    | Note
-------+----------+-------------------------------------------
     0 | D:1      | Konebred the Draconian Transmuter began the quest for the
                  | Orb.
     0 | D:1      | Reached XP level 1. HP: 16/16 MP: 3/3
   401 | D:1      | Reached XP level 2. HP: 22/23 MP: 5/5
   405 | D:1      | Learned a level 2 spell: Sticks to Snakes
  1292 | D:2      | Noticed Terence
  1578 | D:2      | Killed Terence
  1578 | D:2      | Reached XP level 3. HP: 9/28 MP: 0/6
  1583 | D:2      | Learned a level 3 spell: Spider Form
  2106 | D:2      | Reached XP level 4. HP: 22/35 MP: 1/8
  2692 | D:2      | Reached skill level 1 in Poison Magic
  2753 | D:3      | Noticed Robin
  3038 | D:3      | Killed Robin
  3038 | D:3      | Reached XP level 5. HP: 37/40 MP: 4/9
  3114 | D:3      | Found an ornate altar of the Wu Jian Council.
  3121 | D:3      | Became a worshipper of the Wu Jian Council
  3632 | D:4      | Reached XP level 6. HP: 46/47 MP: 5/10
  3946 | D:4      | Reached * piety under Wu Jian
  3979 | D:4      | HP: 1/47 [orc priest/+0 trident (10)]
  3980 | D:4      | Slain by an orc priest

Illustrated notes

Levels and vault maps discovered:
D:1:      dpeg_arrival_pits, layout_basic
D:2:      layout_basic, st_stairs_14, cheibrodos_gnoll_hut, uniq_terence
D:3:      layout_rooms, overflow_temple_1_default, uniq_robin
D:4:      layout_cave_pools, first_ration, kennysheep_cluttered_room,
          tgw_kikubaaqudgha

Skill      XL: |  1  2  3  4  5  6 |
---------------+-------------------+-----
Transmutations | 3 4 |  4.3
Poison Magic   | 1 2 |  2.6
Spellcasting   | 3 |  3.1
Unarmed Combat | 4 |  4.9
Fighting       | |  1.1
Dodging        | |  1.7

Action                   |  1- 3 |  4- 6 || total
-------------------------+-------+-------++-------
Melee: Unarmed           |   101 |   175 ||   276
       Headbutt          |     7 |     8 ||    15
       Punch             |     2 |     5 ||     7
       Tailslap          |    11 |    13 ||    24
       Kick              |     1 |     5 ||     6
Throw: Dart              |       |     8 ||     8
 Cast: Beastly Appendage |    12 |    11 ||    23
       Sticks to Snakes  |     6 |     7 ||    13
       Spider Form       |       |     9 ||     9
Invok: Lunge             |       |    11 ||    11
       Whirlwind         |       |     1 ||     1
 Stab: Distracted        |     1 |       ||     1
  Eat: Chunk             |     4 |     8 ||    12
Armor: Skin              |    21 |    29 ||    50
Dodge: Dodged            |    57 |    90 ||   147
Block: Other             |       |    30 ||    30
       Reflection        |       |     2 ||     2
